 Dungeon Crawl Stone Soup version 0.21-a0-70-g32e1473 (webtiles) character file.

102 wazuzu the Insei (level 4, -1/35 HPs)
             Began as a Demonspawn Monk on June 18, 2017.
             Splashed by a jelly's acid (4 damage)
             ... on level 2 of the Dungeon.
             The game lasted 00:04:10 (2190 turns).

wazuzu the Insei (Demonspawn Monk)                  Turns: 2190, Time: 00:04:11

Health: -1/35      AC: -2    Str: 13    XL:     4   Next: 49%
Magic:  4/4        EV: 13    Int: 11    God:
Gold:   155        SH:  4    Dex: 15    Spells: 3/3 levels left

rFire    . . .     SeeInvis .     - Unarmed
rCold    + . .     Gourm    .   (no shield)
rNeg     . . .     Faith    .   a - +0 robe
rPois    .         Spirit   .   g - +0 hat
rElec    .         Reflect  .   (no cloak)
rCorr    .         Harm     .   (no gloves)
MR       .....                  (no boots)
Stlth    ++........             (no amulet)
HPRegen  0.11/turn              h - ring of protection from cold
MPRegen  0.09/turn              (no ring)

@: corroded
A: large bone plates 1
a: no special abilities


You were on level 2 of the Dungeon.
You were not hungry.

You visited 1 branch of the dungeon, and saw 2 of its levels.

You collected 155 gold pieces.

Inventory:

Armour
 a - a +0 robe (worn)
 g - a +0 hat (worn)
Jewellery
 h - a ring of protection from cold (left hand)
Scrolls
 c - a scroll of enchant armour {unknown}
 d - 2 scrolls of teleportation {unknown}
 f - a scroll of immolation {unknown}
 j - 2 scrolls of amnesia {unknown}
 l - a scroll of random uselessness {unknown}
 m - a scroll of fear {unknown}
 n - a scroll of identify {unknown}
 o - 2 scrolls of remove curse {unknown}
 p - a scroll of enchant weapon {unknown}
Potions
 e - a potion of lignification {unknown}
 k - a potion of mutation {unknown}
 q - a potion of cancellation {unknown}
Comestibles
 b - a bread ration
 i - 2 meat rations
 r - 5 chunks of flesh


   Skills:
 - Level 3.0 Fighting
 - Level 2.6 Dodging
 - Level 1.7 Stealth
 + Level 4.8 Unarmed Combat


You had 3 spell levels left.
You didn't know any spells.

Dungeon Overview and Level Annotations

Branches:
Dungeon (2/15)

Altars:
Gozag
Kikubaaqudgha
Okawaru
Wu Jian
The Shining One


Innate Abilities, Weirdness & Mutations

You are partially covered in large bone plates. (SH +4)


Message History

Found a stone staircase leading down!
There is an open door here!
A jelly comes into view!
You squash the jelly like an ant!
Your hands burn!!!
The jelly is lightly wounded!
The jelly hits you!
You are splashed with acid!!!
The acid burns!!!
You squash the jelly like an ant!
Your hands burn!!!
The jelly is moderately wounded!
The jelly misses you!
You squash the jelly like an ant!
Your hands burn!!!
The jelly is heavily wounded!
You pulverise the jelly!
Your hands burn!!!
The jelly is severely wounded!
The jelly hits you! * * * don't die
* * * The acid corrodes you!!!
You are splashed with acid!!!
The acid burns!!! * * * don't die
* * * You pulverise the jelly but do no damage!
Your hands burn!!! rip

#...................########.#
#...).............####.......####
#.................# #..........#
#.................####..........#
'.............................>..
#......##.#####......##.####.#...
#......##.#########..##......#..#
##......#.##.........##.######.##
#......#.##....@##.###.##....##.
##......#.##.###J##.....###.###..
#.......#.## ##.##########'#.#.#
#.....###.# #.....#.........#..
#.....###.### #.....#.........##.
............# #.....#.........#.#
............# #.....'.........#..
............# #.....#.........#..
........#.### #.....#.........###


You could see a jelly.

Vanquished Creatures
  An adder (D:2)
  4 gnolls (D:2)
  An ooze (D:1)
  2 dart slugs (D:1)
  2 giant cockroaches (D:1)
  9 goblins
  4 hobgoblins
  A quokka (D:2)
  8 bats
  3 frilled lizards (D:1)
  5 kobolds
  9 rats
49 creatures vanquished.

Notes
Turn   | Place    | Note
-------+----------+-------------------------------------------
     0 | D:1      | wazuzu the Demonspawn Monk began the quest for the Orb.
     0 | D:1      | Reached XP level 1. HP: 18/18 MP: 1/1
   255 | D:1      | Reached skill level 3 in Unarmed Combat
   274 | D:1      | Gained mutation: You are partially covered in large bone plates. (SH +4) [demonic ancestry]
   274 | D:1      | Reached XP level 2. HP: 23/24 MP: 2/2
   781 | D:1      | Reached XP level 3. HP: 29/29 MP: 3/3
  1034 | D:2      | Reached skill level 4 in Unarmed Combat
  1447 | D:2      | Reached XP level 4. HP: 18/35 MP: 4/4
  1682 | D:2      | Found an opulent altar of Gozag.
  1683 | D:2      | Found an ancient bone altar of Kikubaaqudgha.
  1686 | D:2      | Found a glowing golden altar of the Shining One.
  1932 | D:2      | Found an iron altar of Okawaru.
  2015 | D:2      | Found an ornate altar of the Wu Jian Council.
  2190 | D:2      | Splashed by a jelly's acid

Vault maps used:
D:1:      erik_arrival_triangle_small
D:2:      minitemple, marbit_many_paths, okawaru_gym_becter

Skill      XL: |  1  2  3 |
---------------+----------+-----
Unarmed Combat | 3 4 |  4.8
Fighting       | |  3.0
Dodging        | |  2.6
Stealth        | |  1.7

Action                   |  1- 3 |  4- 6 || total
-------------------------+-------+-------++-------
Melee: Unarmed           |   130 |    44 ||   174
       Punch             |     1 |     2 ||     3
 Stab: Sleeping          |     3 |     1 ||     4
  Eat: Chunk             |     2 |     2 ||     4
Armor: Robe              |    18 |     1 ||    19
Dodge: Dodged            |    79 |    15 ||    94
Block: Other             |    15 |     4 ||    19
